 Dungeon Crawl Stone Soup version 0.30-a0-956-gcec3b41aec (webtiles) character file.

Game seed: 8831120200071641458

6455 sanka the Fighter (level 10, -6/81 HPs)
             Began as a Red Draconian Hedge Wizard on Mar 29, 2023.
             Was a Believer of Hepliaklqana.
             Mangled by a boulder beetle (9 damage)
             ... on level 9 of the Dungeon.
             The game lasted 00:16:59 (12629 turns).

sanka the Fighter (Red Draconian Hedge Wizard)     Turns: 12629, Time: 00:17:00

Health: -6/81      AC:  8    Str: 12    XL:     10   Next: 67%
Magic:  4/17       EV: 17    Int: 19    God:    Hepliaklqana [**....]
Gold:   652        SH:  5    Dex: 17    Spells: 13/19 levels left

rFire   + . .      SeeInvis .    a - +2 short sword (elec)
rCold   . . .      Faith    .    (no shield)
rNeg    . . .      Spirit   .    (body armour unavailable)
rPois   .          Reflect  +    b - +0 hat
rElec   .          Rampage  .    (no cloak)
rCorr   .                        y - +0 pair of gloves
Will    +....                    (no boots)
Stlth   ++                       q - amulet of reflection
HPRegen 0.33/turn                u - ring of willpower
MPRegen 0.15/turn                A - +6 ring of dexterity

@: short of breath
A: reduced essence, breathe fire, AC +7, unfitting armour, fire resistance 1,
cold-blooded
a: Breathe Fire, Renounce Religion, Recall Ancestor, Ancestor Identity


You were on level 9 of the Dungeon.
You worshipped Hepliaklqana.
Hepliaklqana was pleased with you.
You visited 2 branches of the dungeon, and saw 12 of its levels.

You collected 652 gold pieces.


Innate Abilities, Weirdness & Mutations

Your life essence is reduced to manifest your ancestor. (-10% HP)
You can breathe blasts of fire.
Your fiery red scales are hard. (AC +7)
You cannot fit into any form of body armour.
Your flesh is heat resistant. (rF+)
You are cold-blooded and may be slowed by cold attacks.


   Skills:
 + Level 9.3 Fighting
 + Level 8.3 Dodging
 - Level 1.7 Stealth
 - Level 5.0 Spellcasting
 - Level 8.0 Conjurations
 - Level 4.0 Summonings
 - Level 1.0 Translocations
 - Level 4.0 Earth Magic


You had 13 spell levels left.
You knew the following spells:

 Your Spells              Type           Power      Damage    Failure   Level
c - Stone Arrow           Conj/Erth      54%        3d10      3%          3
x - Call Imp              Summ           19%        N/A       3%          2
z - Magic Dart            Conj           100%       1d8       1%          1

Your spell library contained the following spells:

 Spells                   Type           Power      Damage    Failure   Level
 Slow                     Hex            16%        N/A       12%         1
 Blink                    Tloc           16%        N/A       12%         2
 Mephitic Cloud           Conj/Pois/Air  14%        N/A       13%         3
 Cigotuvi's Dreadful Rot  Necr/Pois/Air  8%         N/A       19%         2
 Portal Projectile        Hex/Tloc       12%        N/A       30%         3
 Tukima's Dance           Hex            4%         N/A       36%         3
 Blade Hands              Tmut           2%         N/A       98%         5
 Lehudib's Crystal Spear  Conj/Erth      13%        10d5      100%        8
 Animate Armour           Summ/Erth      Unusable   N/A       N/A         4

Inventory:

Hand Weapons
 a - a +2 short sword of electrocution (weapon)
 h - a +0 dagger
 v - a +1 short sword of draining
Armour
 b - a +0 hat (worn)
 y - a +0 pair of gloves (worn)
 C - a scarf of harm
Magical Staves
 j - a staff of fire
 r - a staff of air
Jewellery
 q - an amulet of reflection (around neck)
 u - a ring of willpower (left hand)
 A - a +6 ring of dexterity (right hand)
 H - a ring of resist corrosion
Wands
 w - a wand of flame (14)
 D - a wand of acid (13)
 J - a wand of charming (5)
Scrolls
 d - 3 scrolls of acquirement {unknown}
 e - 2 scrolls of vulnerability {unknown}
 f - 8 scrolls of teleportation {unknown}
 g - 3 scrolls of silence {unknown}
 k - 12 scrolls of identify {unknown}
 m - 3 scrolls of fog {unknown}
 n - a scroll of summoning {unknown}
 p - 3 scrolls of poison {unknown}
 s - a scroll of enchant armour {unknown}
 t - 2 scrolls of amnesia {unknown}
 B - a scroll of blinking {unknown}
 E - a scroll of enchant weapon {unknown}
 G - 2 scrolls of noise {unknown}
Potions
 c - 2 potions of magic
 i - 6 potions of curing {unknown}
 l - a potion of lignification {unknown}
 o - 3 potions of heal wounds {unknown}
 x - 2 potions of brilliance {unknown}
 z - a potion of ambrosia {unknown}
 F - a potion of might {unknown}
 I - a potion of degeneration {unknown}
 K - a potion of flight {unknown}
 L - a potion of berserk rage {unknown}

Dungeon Overview and Level Annotations

Branches:
Dungeon (11/15)            Temple (1/1) D:6            Lair (0/5) D:9
    Orc: D:9-12

Altars:
Ashenzari
Cheibriados
Dithmenos
Elyvilon
Fedhas
Gozag
Hepliaklqana
Kikubaaqudgha
Makhleb
Nemelex Xobeh
Okawaru
Ru
Sif Muna
Trog
Uskayaw
Vehumet
Wu Jian
Xom
Yredelemnul
Zin
The Shining One

Annotations:
D:9 exclusion: ice statue

▒.......... ▒..........
▒▒.................
▒......▒▒▒..▒▒.....
▒.................
▒▒▒▒▒........▒.......
▒▒▒...........▒▒.......
▒▒......R......▒▒....... ..
▒......dB..▒▒...▒.....▒▒
...▒▒.....▒..▒.▒▒...▒.......
▒.............▒..▒▒.........▒
▒..........▒.....▒▒.........▒
▒..........▒>...............
▒...^.....▒▒..▒.............
▒.........▒▒▒▒▒.........>...
▒.........▒▒▒..........).÷.
▒▒..........▒...........)<..


You could see the friendly Agathocles the battlemage and a boulder beetle (ally
target).


Message History

Ouch! That really hurt!
* * * LOW HITPOINT WARNING * * *
The boulder beetle stops rolling and uncurls.
Unknown command.
The boulder beetle attacks as you move away!
The boulder beetle bites you!
* * * LOW HITPOINT WARNING * * *
Agathocles hits the boulder beetle with a +0 quarterstaff.
Agathocles points at the boulder beetle and mumbles some strange words.
The stone arrow hits the boulder beetle.
The boulder beetle attacks as you move away!
The boulder beetle closely misses you.
The boulder beetle curls into a ball and begins rolling!
The stone arrow hits the boulder beetle.
The boulder beetle is moderately wounded.
The stone arrow hits the boulder beetle!
The boulder beetle is heavily wounded.
The boulder beetle hits you!!
* * * LOW HITPOINT WARNING * * *
The boulder beetle stops rolling and uncurls.
Unknown command.
Use which ability? (? or * to list)
Aiming: Breathe Fire (3% risk of failure)
Aim: a boulder beetle (heavily wounded, ally target, 100% to hit)
You breathe a blast of fire.
The fiery breath hits the boulder beetle but does no damage.
The boulder beetle is heavily wounded.
The boulder beetle is engulfed in blazing flames.
The boulder beetle bites you!
You die...

Action                     |  1- 3 |  4- 6 |  7- 9 | 10-12 || total
---------------------------+-------+-------+-------+-------++-------
  Melee: Dagger            |    60 |       |       |       ||    60
         Tailslap          |     1 |     5 |     9 |     8 ||    23
         Short sword       |       |    38 |   120 |    33 ||   191
         Punch             |       |     1 |     2 |       ||     3
   Cast: Magic Dart        |    99 |   100 |   102 |     3 ||   304
         Call Imp          |       |    10 |    11 |       ||    21
         Stone Arrow       |       |       |    84 |    43 ||   127
 Invoke: Ancestor Identity |       |       |     1 |       ||     1
         Ancestor Life: Ba |       |       |       |     1 ||     1
Ability: Breathe Fire      |       |       |     5 |     6 ||    11
   Stab: Sleeping          |     1 |       |       |       ||     1
         Distracted        |       |       |     3 |       ||     3
 Armour: Skin              |    20 |    21 |    83 |    16 ||   140
  Dodge: Dodged            |    36 |    61 |   193 |    55 ||   345
  Block: Other             |       |       |       |    14 ||    14
         Reflection        |       |       |       |     1 ||     1

Levels and vault maps discovered:
D:1:      amcnicky_arrival_blooded_trapdoor, layout_loops_corners,
          minmay_misc_feat_doors
D:2:      layout_rooms
D:3:      layout_loops_cross, mainiacjoe_overflow_alcove_4, st_stairs_10
D:4:      old_forge, layout_cave_pools, minmay_misc_feat_columns
D:5:      layout_basic, mainiacjoe_overflow_cross_hatched, roderic_batcave,
          uniq_eustachio, uniq_edmund
D:6:      layout_gridville, minmay_temple_entry_statues_pillars, uniq_menkaure
D:7:      layout_basic, bloody_makhleb, minivault_5
D:8:      layout_gridville, uniq_prince_ribbit1
D:9:      layout_cave_pools, erik_lair_island, minivault_16
D:10:     minmay_slanted_spiral_squares, layout_cave_pools,
          grunt_qazlal_sundering, nicolae_trove_entry_columns, uniq_maurice,
          uniq_nergalle, uniq_erica, uniq_gastronok
D:11:     minmay_tearing_corner, layout_rooms, orc_0_dummy
Temple:   eino_narrow_crystal_temple

Notes
Turn   | Place    | Note
-------+----------+-------------------------------------------
     0 | D:1      | sanka the Draconian Hedge Wizard began the quest for the
                  | Orb.
     0 | D:1      | Reached XP level 1. HP: 14/14 MP: 4/4
   475 | D:1      | Reached XP level 2. HP: 20/20 MP: 1/6
   483 | D:1      | Reached skill level 2 in Conjurations
   706 | D:1      | Learned a level 2 spell: Call Imp
  1112 | D:1      | Reached XP level 3. HP: 26/26 MP: 4/7
  1374 | D:1      | Reached skill level 3 in Conjurations
  2369 | D:3      | Reached skill level 2 in Summonings
  2512 | D:3      | Reached XP level 4. HP: 33/33 MP: 0/8
  3272 | D:3      | Reached skill level 3 in Summonings
  3382 | D:3      | Found a snail-covered altar of Cheibriados.
  3516 | D:4      | Noticed an ogre
  3572 | D:4      | Noticed a black bear
  3645 | D:3      | Reached XP level 5. HP: 29/38 MP: 9/9
  3802 | D:4      | Killed a black bear
  3803 | D:4      | Reached skill level 4 in Summonings
  3803 | D:4      | Reached skill level 1 in Fighting
  3803 | D:4      | Reached skill level 2 in Dodging
  3928 | D:4      | Reached XP level 6. HP: 35/48 MP: 3/11
  4174 | D:4      | Reached skill level 2 in Fighting
  4204 | D:4      | Reached skill level 3 in Dodging
  4346 | D:4      | Reached skill level 4 in Spellcasting
  4612 | D:4      | Reached skill level 3 in Fighting
  4612 | D:4      | Your scales start taking on a fiery red colour.
  4612 | D:4      | Reached XP level 7. HP: 41/57 MP: 0/13
  4612 | D:4      | Gained mutation: Your flesh is heat resistant. (rF+) [Red
                  | Draconian growth]
  5612 | D:4      | Reached skill level 4 in Fighting
  5612 | D:4      | Reached skill level 4 in Dodging
  5979 | D:5      | Entered Level 5 of the Dungeon
  6197 | D:5      | Found a shadowy altar of Dithmenos.
  6230 | D:5      | Reached skill level 5 in Spellcasting
  6230 | D:5      | Reached XP level 8. HP: 67/67 MP: 10/15
  6368 | D:5      | Noticed Edmund
  6623 | D:5      | Killed Edmund
  6624 | D:5      | Reached skill level 5 in Fighting
  6624 | D:5      | Reached skill level 5 in Dodging
  6628 | D:5      | Learned a level 3 spell: Stone Arrow
  6726 | D:5      | Reached skill level 1 in Earth Magic
  6775 | D:5      | Noticed Eustachio
  6788 | D:5      | Killed Eustachio
  6789 | D:5      | Reached skill level 4 in Conjurations
  6789 | D:5      | Reached skill level 2 in Earth Magic
  6795 | D:5      | Reached skill level 3 in Earth Magic
  7054 | D:5      | Reached skill level 5 in Conjurations
  7448 | D:5      | Reached skill level 4 in Earth Magic
  7867 | D:6      | Noticed Menkaure
  7869 | D:6      | Killed Menkaure
  7975 | D:6      | Reached skill level 6 in Conjurations
  7975 | D:6      | Reached XP level 9. HP: 74/74 MP: 9/16
  8223 | D:6      | Found a staircase to the Ecumenical Temple.
  8239 | Temple   | Entered the Ecumenical Temple
  8431 | Temple   | Became a worshipper of Hepliaklqana the Forgotten
  9083 | D:7      | Reached skill level 7 in Conjurations
  9334 | D:7      | Reached * piety under Hepliaklqana
  9461 | D:7      | Reached skill level 8 in Conjurations
  9497 | D:7      | Found a burning altar of Makhleb.
  9605 | D:7      | Noticed a gargoyle
  9615 | D:7      | Killed a gargoyle
  9616 | D:7      | Reached skill level 6 in Fighting
 10066 | D:7      | Reached skill level 6 in Dodging
 11153 | D:8      | Reached skill level 7 in Fighting
 11164 | D:8      | Reached XP level 10. HP: 52/77 MP: 1/17
 11329 | D:10     | Entered Level 10 of the Dungeon
 11340 | D:9      | Noticed a two-headed ogre
 11454 | D:8      | Noticed Prince Ribbit
 11463 | D:8      | Killed Prince Ribbit
 11719 | D:9      | Reached ** piety under Hepliaklqana
 11731 | D:9      | Reached skill level 7 in Dodging
 11862 | D:9      | Reached skill level 8 in Fighting
 11867 | D:9      | Killed a two-headed ogre
 12081 | D:9      | Noticed a two-headed ogre
 12178 | D:9      | Killed a two-headed ogre
 12179 | D:9      | Reached skill level 9 in Fighting
 12179 | D:9      | Reached skill level 8 in Dodging
 12332 | D:9      | Remembered your ancestor Agathocles as a battlemage
 12419 | D:9      | Found a staircase to the Lair.
 12609 | D:9      | Noticed a boulder beetle
 12621 | D:9      | Noticed an ice statue
 12628 | D:9      | HP: 3/81 [boulder beetle (27)]
 12629 | D:9      | Mangled by a boulder beetle

Vanquished Creatures
  2 two-headed ogres (D:9)
  A gargoyle (D:7)
  A troll (D:9)
  Prince Ribbit (D:8)
  A hornet (D:9)
  A wyvern (D:9)
  Eustachio (D:5)
  A steam dragon (D:7)
  Menkaure (D:6)
  Edmund (D:5)
  A water moccasin (D:5)
  3 ice beasts
  A sky beast (D:7)
  3 black bears
  A centaur (D:7)
  2 ogres
  2 phantoms
  3 kobold brigands
  2 bullfrogs
  4 scorpions
  4 killer bees (D:8)
  A vampire bat (D:5)
  2 electric eels (D:9)
  5 howler monkeys
  2 orc priests
  8 hounds
  3 jellies
  2 sleepcaps
  A gnoll bouda (D:3)
  An iguana (D:5)
  4 orc wizards (D:8)
  3 gnolls
  11 adders
  A white imp (D:4)
  3 ufetubi
  2 worms
  3 dart slugs
  15 orcs
  5 endoplasms (D:1)
  A giant cockroach (D:2)
  9 goblins
  8 hobgoblins
  3 jackals (D:1)
  17 kobolds
  5 quokkas
  10 ball pythons
  21 bats
  3 frilled lizards (D:1)
  6 rats
192 creatures vanquished.

Vanquished Creatures (collateral kills)
  A black bear (D:5)
  2 ogres
  3 scorpions (D:4)
  2 killer bees (D:8)
  A howler monkey (D:9)
  2 hounds
  An orc wizard (D:4)
  A gnoll (D:4)
  3 orcs
  A hobgoblin (D:4)
  6 kobolds
23 creatures vanquished.

Vanquished Creatures (others)
  5 ancestors
  13 fungi (D:4)
  3 plants (D:5)
21 creatures vanquished.

Grand Total: 236 creatures vanquished
